 Dungeon Crawl Stone Soup version 0.29.1-15-g9cfb28693d (webtiles) character file.

Game seed: 4754112531768848454

753 issech the Cudgeller (level 7, 0/62 HPs)
             Began as a Minotaur Monk on Feb 27, 2023.
             Succumbed to Ijyb's poison
             ... on level 5 of the Dungeon.
             The game lasted 00:14:45 (4157 turns).

issech the Cudgeller (Minotaur Monk)                Turns: 4157, Time: 00:14:46

Health: 0/62       AC: 12    Str: 18    XL:     7   Next: 49%
Magic:  6/6        EV:  8    Int:  7    God:
Gold:   113        SH:  3    Dex: 12    Spells: 6/6 levels left

rFire   . . .      SeeInvis .   a - +0 mace
rCold   . . .      Faith    .   J - +0 buckler
rNeg    . . .      Spirit   .   f - +0 chain mail
rPois   .          Reflect  .   (helmet restricted)
rElec   .          Harm     .   t - +0 cloak
rCorr   .          Rampage  .   (no gloves)
Will    .....                   x - +0 pair of boots
Stlth   ..........              y - amulet of regeneration
HPRegen 1.00/turn               (no ring)
MPRegen 0.10/turn               (no ring)

@: lethally poisoned (0 -> -27)
A: horns 2, retaliatory headbutt
a: no special abilities


You were on level 5 of the Dungeon.
You visited 1 branch of the dungeon, and saw 5 of its levels.

You collected 208 gold pieces.
You spent 95 gold pieces at shops.

Inventory:

Hand Weapons
 a - a +0 mace (weapon)
 l - a +0 hand axe
 B - a +0 trident
Missiles
 e - 4 silver javelins
 j - 5 boomerangs (quivered)
 k - 64 stones
 r - 10 poisoned darts
Armour
 b - a +0 robe
 f - a +0 chain mail (worn)
 t - a +0 cloak (worn)
 v - a +0 ring mail
 x - a +0 pair of boots (worn)
 J - a +0 buckler (worn)
Magical Staves
 H - a staff of earth
Jewellery
 y - an amulet of regeneration (around neck)
Wands
 C - a wand of paralysis (10)
Scrolls
 d - a scroll of enchant weapon
 h - 2 scrolls of magic mapping
 n - 3 scrolls of identify
 s - a scroll of teleportation
 u - a scroll of fear
 w - 3 scrolls of vulnerability
 A - a scroll of poison
Potions
 c - a potion of ambrosia
 g - 2 potions of curing
 i - 2 potions of berserk rage {unknown}
 m - 3 potions of heal wounds {unknown}
 o - a potion of flight {unknown}
 p - a potion of resistance {unknown}
 q - a potion of magic {unknown}
 z - a potion of might {unknown}
 D - a potion of brilliance {unknown}
 E - a potion of lignification {unknown}
 F - a potion of degeneration {unknown}
 G - a potion of invisibility {unknown}
 I - a potion of mutation {unknown}


   Skills:
 + Level 5.8 Fighting
 + Level 7.1 Maces & Flails
 + Level 0.9 Throwing
 + Level 5.1 Armour
 + Level 4.2 Dodging
 + Level 1.9 Stealth
 + Level 0.1 Shields


You had 6 spell levels left.
You didn't know any spells.
Your spell library contained the following spells:

 Spells                   Type           Power      Damage    Failure   Level
 Petrify                  Tmut/Erth      0%         N/A       100%        4
 Metabolic Englaciation   Hex/Ice        0%         N/A       100%        5
 Statue Form              Tmut/Erth      0%         N/A       100%        6


Dungeon Overview and Level Annotations

Branches:
Dungeon (5/15)
 Temple: D:4-7

Altars:

Shops:
D:1 ?   D:2 *

Annotations:
D:5 Ijyb


Innate Abilities, Weirdness & Mutations

You have a pair of horns on your head.
You reflexively headbutt those who attack you in melee.


Message History

You hit Ijyb.
Ijyb is lightly wounded.
You feel very sick. Ijyb hits you but does no damage.
You are more poisoned.
You sock Ijyb!
Ijyb is heavily wounded.
You feel very sick.
Ijyb drinks a potion.
Ijyb is healed!
You hit Ijyb but do no damage. Your headbutt misses Ijyb.
Ijyb is moderately wounded.
You feel very sick. Ijyb hits you but does no damage.
You are more poisoned.
You hit Ijyb but do no damage.
Ijyb is moderately wounded.
You feel very sick.
Ijyb hits you with a +3 dagger of venom.
You are more poisoned.
You closely miss Ijyb.
Ijyb is moderately wounded.
You feel extremely sick.
Ijyb hits you with a +3 dagger of venom.
You are lethally poisoned!
You barely miss Ijyb.
Ijyb is moderately wounded.
* * * LOW HITPOINT WARNING * * *
You feel extremely sick. Ijyb hits you but does no damage.
You are more poisoned.
You barely miss Ijyb. Your headbutt misses Ijyb.
Ijyb is moderately wounded.
* * * LOW HITPOINT WARNING * * *
You feel extremely sick.
Ijyb hits you with a +3 dagger of venom.
* * * LOW HITPOINT WARNING * * *
You are more poisoned.
You hit Ijyb.
Ijyb is heavily wounded.
You die...

#.....# #.....# #.......#
##.....# #..?....+ #..)...#
#.......# #.....#####.......#
#.....##..##......#
#..........#......#
#..........#.g....# .....#
#.....##...#.@....# #....#
#.....##...#......# ##....##
#..........#......# ......
#..........#......# .....
#.....##'###......######<.#
#.....#................#..####
#.....#................'......
#.....#..<.............#......
#.....+................#......


You could see Ijyb.

Vanquished Creatures
  Grinder (D:4)
  2 black bears
  An ogre (D:5)
  A phantom (D:5)
  A howler monkey (D:4)
  2 hounds
  An iguana (D:5)
  4 adders
  An ufetubus (D:5)
  A worm (D:2)
  A dart slug (D:4)
  2 orcs (D:3)
  5 endoplasms
  3 giant cockroaches
  6 goblins
  4 hobgoblins
  11 jackals
  7 kobolds
  3 ball pythons
  9 bats
  A frilled lizard (D:3)
  A rat (D:1)
68 creatures vanquished.

Notes
Turn   | Place    | Note
-------+----------+-------------------------------------------
     0 | D:1      | issech the Minotaur Monk began the quest for the Orb.
     0 | D:1      | Reached XP level 1. HP: 19/19 MP: 0/0
    15 | D:1      | Found a faded altar of an unknown god.
   102 | D:1      | Found Divvueh's Magic Scroll Emporium.
   348 | D:1      | Reached XP level 2. HP: 27/27 MP: 1/1
   904 | D:2      | Reached skill level 4 in Maces & Flails
  1023 | D:2      | Found Odethuacut's General Store.
  1040 | D:2      | Bought a scroll of identify for 22 gold pieces
  1059 | D:2      | Reached XP level 3. HP: 34/34 MP: 2/2
  1711 | D:1      | Bought a scroll of identify for 24 gold pieces
  2229 | D:3      | Noticed a black bear
  2230 | D:3      | Reached XP level 4. HP: 29/41 MP: 3/3
  2512 | D:3      | Killed a black bear
  2513 | D:3      | Reached skill level 5 in Fighting
  2513 | D:3      | Reached skill level 5 in Maces & Flails
  2513 | D:3      | Reached XP level 5. HP: 24/48 MP: 4/4
  3024 | D:4      | Noticed Grinder
  3039 | D:4      | Paralysed by Grinder for 4 turns
  3088 | D:4      | Killed Grinder
  3089 | D:4      | Reached XP level 6. HP: 9/56 MP: 5/5
  3432 | D:4      | Reached skill level 6 in Maces & Flails
  3774 | D:2      | Bought a +0 buckler for 49 gold pieces
  3817 | D:5      | Entered Level 5 of the Dungeon
  3993 | D:5      | Reached XP level 7. HP: 61/61 MP: 6/6
  4062 | D:5      | Reached skill level 5 in Armour
  4099 | D:5      | Reached skill level 7 in Maces & Flails
  4144 | D:5      | Noticed Ijyb
  4157 | D:5      | Succumbed to Ijyb's poison

Illustrated notes

Levels and vault maps discovered:
D:1:      spicycebolla_arrival_xxxplode, layout_loops_ring,
          shapermc_ecumenical_altar_mp_highgroup, serial_shops,
          nicolae_lakefront_shop
D:2:      layout_rooms, serial_rivers, chequers_serial_rivers_room_a,
          chequers_serial_rivers_micro_d, chequers_serial_rivers_micro_c,
          chequers_serial_rivers_marsh, chequers_serial_rivers_small_b,
          chequers_serial_rivers_micro_a, serial_shops, nicolae_shop_crystal,
          minmay_close_crescents
D:3:      kennysheep_six_static_rooms, layout_loops_ring, grunt_ministairs_1,
          minmay_misc_feat_pillars
D:4:      layout_loops_ring, uniq_grinder
D:5:      layout_gridville, uniq_prince_ribbit1, uniq_ijyb

Skill      XL: |  1  2  3  4  5  6  7 |
---------------+----------------------+-----
Fighting       | 4 5 |  5.8
Maces & Flails | 4 5 6 7 |  7.1
Armour         | 2 3 4 5 |  5.1
Dodging        | 4 |  4.2
Throwing       | |  0.9
Stealth        | |  1.9
Shields        | |  0.1

Action                   |  1- 3 |  4- 6 |  7- 9 || total
-------------------------+-------+-------+-------++-------
Melee: Mace              |    89 |    99 |    19 ||   207
       Headbutt          |    11 |    14 |     3 ||    28
       Punch             |     1 |     1 |       ||     2
Throw: Boomerang         |       |     5 |       ||     5
  Use: Scroll            |     5 |     1 |       ||     6
Armor: Chain mail        |    80 |    69 |    13 ||   162
Dodge: Dodged            |    42 |    51 |     9 ||   102
Block: Buckler           |       |     2 |     4 ||     6
